 Dungeon Crawl Stone Soup version 0.29-a0-829-gbc3a993 (webtiles) character file.

Game seed: 14994269057915952518

65 GeorgeSoros the Insei (level 3, -3/29 HPs)
             Began as a Demigod Transmuter on July 11, 2022.
             Slain by a gnoll
             ... wielding a +0 whip
              (9 damage)
             ... on level 2 of the Dungeon.
             The game lasted 00:07:37 (1687 turns).

GeorgeSoros the Insei (Demigod Transmuter)          Turns: 1687, Time: 00:07:37

Health: -3/29      AC:  2    Str: 11    XL:     3   Next: 67%
Magic:  7/8        EV: 12    Int: 19    God:
Gold:   52         SH:  0    Dex: 14    Spells: 4/5 levels left

rFire   . . .      SeeInvis .   a - +0 spear
rCold   . . .      Faith    .   (no shield)
rNeg    . . .      Spirit   .   d - +0 robe
rPois   +          Reflect  .   (helmet currently unavailable)
rElec   .          Harm     .   (no cloak)
rCorr   .          Rampage  .   (no gloves)
Will    +....                   (boots currently unavailable)
Stlth   +.........              (no amulet)
HPRegen 0.09/turn               c - ring of poison resistance
MPRegen 0.11/turn               j - ring of willpower

@: appendages (expiring)
A: horns 2, talons 2, high MP 1, forlorn, divine attributes
a: End Transformation


You were on level 2 of the Dungeon.
You had temporarily grown beastly horns and talons.
You visited 1 branch of the dungeon, and saw 2 of its levels.

You collected 52 gold pieces.

Inventory:

Hand Weapons
 a - a +0 spear (weapon)
 b - a +0 sling
 f - a +0 dagger
Armour
 d - a +0 robe (worn)
Jewellery
 c - a ring of poison resistance (left hand)
 h - a ring of ice
 j - a ring of willpower (right hand)
Scrolls
 i - 2 scrolls of blinking
Potions
 e - a potion of lignification
 g - a potion of invisibility
 k - 2 potions of curing
 l - a potion of degeneration {unknown}


   Skills:
 + Level 2.0 Fighting
 + Level 1.6 Armour
 - Level 1.7 Dodging
 - Level 2.6 Unarmed Combat
 - Level 1.7 Spellcasting
 + Level 2.6 Transmutations


You had 4 spell levels left.
You knew the following spells:

 Your Spells              Type           Power      Damage    Failure   Level
a - Beastly Appendage     Tmut           22%        N/A       6%          1

Your spell library contained the following spells:

 Spells                   Type           Power      Damage    Failure   Level
 Wereblood                Tmut           11%        N/A       9%          2
 Necrotise                Necr           4%         1d4       17%         1
 Spider Form              Tmut/Pois      6%         N/A       30%         3
 Gell's Gravitas          Tloc           1%         N/A       45%         3
 Lesser Beckoning         Tloc           1%         N/A       45%         3
 Teleport Other           Tloc           1%         N/A       45%         3
 Vampiric Draining        Necr           1%         2d6       45%         3
 Ice Form                 Ice/Tmut       6%         N/A       69%         4
 Agony                    Necr           1%         N/A       99%         5


Dungeon Overview and Level Annotations

Branches:
Dungeon (2/15)


Innate Abilities, Weirdness & Mutations

You have temporarily grown beastly horns and talons.
You have an increased reservoir of magic. (+10% MP)
You shall have no god before yourself.
Your divine heritage dramatically boosts your attributes as you level up.


Message History

A gnoll comes into view.
It is wielding a +1 whip of electrocution.
The bat barely misses you.
You completely miss the bat. The bat hits you.
The bat hits you but does no damage. The bat misses you.
You closely miss the bat. The bat hits you but does no damage.
The bat misses you. The bat hits you but does no damage.
You closely miss the bat. The bat closely misses you.
You hit the bat.
The bat is severely wounded.
The bat closely misses you. The bat hits you but does no damage.
There is an open door here.
The bat hits you but does no damage.
You hit the bat.
You kill the bat!
Your Fighting skill increases to level 2!
b - a +0 sling (weapon)
The gnoll closely misses you. The gnoll closely misses you.
a - a +0 spear (weapon)
The gnoll hits you from afar with a +0 spear.
You grow a pair of large bovine horns.
Your feet morph into talons.
The gnoll hits you from afar with a +0 spear.
Your transformation is almost over.
A gnoll comes into view. It is wielding a +0 whip.
The gnoll hits you with a +0 spear!
The gnoll shouts!
You hit the gnoll but do no damage. Your kick misses the gnoll.
The gnoll hits you with a +0 spear!
* * * LOW HITPOINT WARNING * * *
You hit the gnoll. You claw the gnoll.
The gnoll is severely wounded.
The gnoll misses you.
You hit the gnoll. You claw the gnoll.
You kill the gnoll!
You hit the gnoll.
The gnoll is lightly wounded.
The gnoll hits you with a +0 whip!
You die...

########## #........#
######## ######........#
#......# .....'........#
#......#
######........####......#
.....+........'.@gg.....+
######........####g.....# #
#....^...# #......#
#########'##### #.....##
......#......# #g....#
......#......#####.....####
......#......##............
......#......###.#.....#####
......#......# #.#..........


You could see 3 gnolls.

Vanquished Creatures
  A gnoll (D:2)
  3 adders (D:2)
  A ball python (D:1)
  4 bats
  3 endoplasms (D:1)
  2 giant cockroaches (D:2)
  2 goblins (D:1)
  2 hobgoblins (D:1)
  3 kobolds (D:1)
  3 quokkas
  A frilled lizard (D:1)
  3 rats (D:1)
28 creatures vanquished.

Notes
Turn   | Place    | Note
-------+----------+-------------------------------------------
     0 | D:1      | GeorgeSoros the Demigod Transmuter began the quest for the
                  | Orb.
     0 | D:1      | Reached XP level 1. HP: 15/15 MP: 5/5
    41 | D:1      | Reached skill level 1 in Fighting
   454 | D:1      | Reached XP level 2. HP: 23/23 MP: 7/7
   773 | D:1      | Reached skill level 1 in Armour
  1159 | D:2      | Reached XP level 3. HP: 18/29 MP: 8/8
  1687 | D:2      | Slain by a gnoll

Illustrated notes

Levels and vault maps discovered:
D:1:      grunt_arrival_lava_bath, layout_loops_cross,
          dilly_ecumenical_altar_fadedgnrine, hex_medium
D:2:      layout_basic, kennysheep_decorative_pillar

Skill      XL: |  1  2  3 |
---------------+----------+-----
Fighting       | 1 2 |  2.0
Transmutations | 2 |  2.6
Armour         | 1 |  1.6
Dodging        | |  1.7
Unarmed Combat | |  2.6
Spellcasting   | |  1.7

Action                   || total
-------------------------++-------
Melee: Spear             ||   100
       Kick              ||    10
       Headbutt          ||     7
       Unarmed           ||     2
       Punch             ||     4
 Fire: Sling             ||    12
 Cast: Beastly Appendage ||    13
  Use: Scroll            ||     4
       Potion            ||     1
Armor: Robe              ||    20
Dodge: Dodged            ||    64

Table legend: (Time is in decaauts)
 A = Elapsed time spent in this place.
 B = Non-inter-level travel time spent in this place.
 C = Inter-level travel time spent in this place.
 D = Time resting spent in this place.
 E = Time spent auto-exploring this place.
 F = Levels seen in this place.
 G = Mean time per level.
                   A        B        C        D        E       F      G
               +--------+--------+--------+--------+--------+-----+--------+
         Total |   1690 |   1636 |     54 |    240 |   1037 |   2 |  845.0 |
       Dungeon |   1690 |   1636 |     54 |    240 |   1037 |   2 |  845.0 |
               +--------+--------+--------+--------+--------+-----+--------+

Top non-repeatable levels by time:
     D:1: 1101 daAuts
     D:2: 589 daAuts
